HSSL
ROCKY POINT HS EAGLES @ MOUNTAIN POINTE HS
04/23/2026
 
TOP OF THE 1ST
Rocky Point HS Eagles batting - Pitching for Mountain Pointe HS : LHP Cedric Duncan
Pitching: LHP Cedric Duncan
Batting: RHB Fernando Pagán 0-0: Foul Ball, location: 2F
0-1: Foul Ball, location: 2F
0-2: Strikes out looking
Batting: RHB Jim Sharry 0-0: Swinging Strike
0-1: Ball
1-1: Ball
2-1: Swinging Strike
2-2: Foul Ball, location: 2F
2-2: Foul Ball, location: 2F
2-2: Strikes out swinging
Batting: RHB Joe Lewis 0-0: Ball
1-0: Swinging Strike
1-1: Ground out 6-3 (Groundball, 6)
Top of the 1st over - 0 run(s), 0 hit(s), 0 error(s), 0 left on base; Rocky Point HS 0 - Mountain Pointe HS 0
BOTTOM OF THE 1ST
Mountain Pointe HS batting - Pitching for Rocky Point HS Eagles : RHP José Aguilar
Pitching: RHP José Aguilar
Batting: RHB Charlie Pérez 0-0: Ball
1-0: Called Strike
1-1: Ball
2-1: Foul Ball, location: 2F
2-2: Ball
3-2: Base on Balls
Batting: LHB Rob Johnson 0-0: Fly out, F8 (Flyball, 8LM)
Batting: RHB Ben Wilson 0-0: Ball
1-0: Foul Ball, location: 2F
1-1: Called Strike
1-2: Ball
2-2: DOUBLE (Line Drive, 78M)
Charlie Pérez to third
Batting: RHB Marshall Gross 0-0: Called Strike
0-1: Swinging Strike
0-2: Ball
1-2: Foul Ball, location: 2F
1-2: DOUBLE (Line Drive, 7LS)
Charlie Pérez scores
Ben Wilson scores
Batting: RHB Harry Edwards 0-0: Called Strike
0-1: Hit by Pitch
Batting: RHB Ashton Murray 0-0: Foul Ball, location: 2F
0-1: Ball
1-1: Ball
2-1: Grounds into double play, U4-3 (Groundball, 4)
Bottom of the 1st over - 2 run(s), 2 hit(s), 0 error(s), 1 left on base; Rocky Point HS 0 - Mountain Pointe HS 2
TOP OF THE 2ND
Rocky Point HS Eagles batting - Pitching for Mountain Pointe HS : LHP Cedric Duncan
Batting: RHB Pedro Cháves 0-0: Swinging Strike
0-1: Ball
1-1: Ball
2-1: SINGLE (Groundball, 5)
Batting: LHB Gus Price 0-0: Called Strike
0-1: Ball
1-1: Ball
2-1: SINGLE (Groundball, 56)
Pedro Cháves to second
Batting: RHB John Lindsey 0-0: Called Strike
0-1: Fly out, F9 (Flyball, 9M)
Batting: RHB Dave Burkholder 0-0: Ball
1-0: Ball
2-0: Called Strike
2-1: Reached on Error, E8 (Flyball, 8RM)
Pedro Cháves to third
Gus Price to second
Batting: LHB Rob Peterson 0-0: Ball
1-0: Swinging Strike
1-1: Foul Ball, location: 2F
1-2: Strikes out swinging
Batting: RHB Ramón Garza 0-0: Foul Ball, location: 2F
0-1: Swinging Strike
0-2: Foul Ball, location: 2F
0-2: Foul Ball, location: 2F
0-2: Strikes out swinging
Top of the 2nd over - 0 run(s), 2 hit(s), 1 error(s), 3 left on base; Rocky Point HS 0 - Mountain Pointe HS 2
BOTTOM OF THE 2ND
Mountain Pointe HS batting - Pitching for Rocky Point HS Eagles : RHP José Aguilar
Batting: RHB Troy Legge 0-0: Ball
1-0: Foul Ball, location: 2F
1-1: Swinging Strike
1-2: Foul Ball, location: 2F
1-2: Strikes out looking
Batting: SHB Erwin Dwyer 0-0: Called Strike
0-1: Ball
1-1: Foul Ball, location: 2F
1-2: Strikes out swinging
Batting: RHB Richard Bass 0-0: Ball
1-0: Called Strike
1-1: Ball
2-1: Ball
3-1: Base on Balls
Batting: RHB Charlie Pérez 0-0: Called Strike
0-1: Foul Ball, location: 2F
0-2: Ball
1-2: Fielders Choice at 2nd, 5-4 (Groundball, 56)
Bottom of the 2nd over - 0 run(s), 0 hit(s), 0 error(s), 0 left on base; Rocky Point HS 0 - Mountain Pointe HS 2
TOP OF THE 3RD
Rocky Point HS Eagles batting - Pitching for Mountain Pointe HS : LHP Cedric Duncan
Batting: RHB Fernando Pagán 0-0: Called Strike
0-1: Ball
1-1: Ball
2-1: Called Strike
2-2: SINGLE (Groundball, 4M)
Batting: RHB Jim Sharry 0-0: Swinging Strike
0-1: Ball
1-1: Foul Ball, location: 2F
1-2: Strikes out swinging
Batting: RHB Joe Lewis 0-0: Called Strike
0-1: Ball
1-1: Swinging Strike
1-2: Strikes out swinging
Batting: RHB Pedro Cháves 0-0: Called Strike
0-1: Ball
1-1: Ball
2-1: Swinging Strike
2-2: Fly out, F9 (Flyball, 89M)
Top of the 3rd over - 0 run(s), 1 hit(s), 0 error(s), 1 left on base; Rocky Point HS 0 - Mountain Pointe HS 2
BOTTOM OF THE 3RD
Mountain Pointe HS batting - Pitching for Rocky Point HS Eagles : RHP José Aguilar
Batting: LHB Rob Johnson 0-0: Ball
1-0: Ball
2-0: Foul Ball, location: 2F
2-1: Foul Ball, location: 2F
2-2: Ball
3-2: SINGLE (Line Drive, 3D)
Batting: RHB Ben Wilson 0-0: SINGLE (Line Drive, 34D)
Rob Johnson to second
Batting: RHB Marshall Gross 0-0: SINGLE (Line Drive, 4)
Rob Johnson to third
Ben Wilson to second
Batting: RHB Harry Edwards 0-0: Grounds into double play, 6-4-3 (Groundball, 6)
Rob Johnson scores
Ben Wilson to third
Batting: RHB Ashton Murray 0-0: Ground out U3 (Groundball, 3)
Bottom of the 3rd over - 1 run(s), 3 hit(s), 0 error(s), 1 left on base; Rocky Point HS 0 - Mountain Pointe HS 3
TOP OF THE 4TH
Rocky Point HS Eagles batting - Pitching for Mountain Pointe HS : LHP Cedric Duncan
Batting: LHB Gus Price 0-0: Foul Ball, location: 2F
0-1: Swinging Strike
0-2: Ball
1-2: Strikes out swinging
Batting: RHB John Lindsey 0-0: DOUBLE (Line Drive, 89M)
Batting: RHB Dave Burkholder 0-0: Ball
1-0: Called Strike
1-1: Foul Ball, location: 2F
1-2: Strikes out swinging
Batting: LHB Rob Peterson 0-0: Ball
1-0: Foul Ball, location: 2F
1-1: Ball
2-1: Called Strike
2-2: Ball
3-2: Base on Balls
Batting: RHB Ramón Garza 0-0: Swinging Strike
0-1: Called Strike
0-2: Strikes out looking
Top of the 4th over - 0 run(s), 1 hit(s), 0 error(s), 2 left on base; Rocky Point HS 0 - Mountain Pointe HS 3
BOTTOM OF THE 4TH
Mountain Pointe HS batting - Pitching for Rocky Point HS Eagles : RHP José Aguilar
Batting: RHB Troy Legge 0-0: Ball
1-0: Fly out, F8 (Flyball, 8RXD)
Batting: SHB Erwin Dwyer 0-0: Called Strike
0-1: Ball
1-1: Swinging Strike
1-2: Foul Ball, location: 2F
1-2: Strikes out swinging
Batting: RHB Richard Bass 0-0: Ball
1-0: Called Strike
1-1: SINGLE (Groundball, 56D)
Batting: RHB Charlie Pérez 0-0: Called Strike
0-1: Ball
1-1: Foul Ball, location: 2F
1-2: Strikes out swinging
Bottom of the 4th over - 0 run(s), 1 hit(s), 0 error(s), 1 left on base; Rocky Point HS 0 - Mountain Pointe HS 3
TOP OF THE 5TH
Rocky Point HS Eagles batting - Pitching for Mountain Pointe HS : LHP Cedric Duncan
Batting: RHB Fernando Pagán 0-0: Ball
1-0: Ball
2-0: SINGLE (Groundball, 6)
Batting: RHB Jim Sharry 0-0: Called Strike
0-1: Swinging Strike
0-2: Ball
1-2: SINGLE (Groundball, 56D)
Fernando Pagán to second
Batting: RHB Joe Lewis 0-0: Grounds into double play, U6-3 (Groundball, 6)
Fernando Pagán to third
Pitching: RHP Martin Couturier
Batting: RHB Pedro Cháves 0-0: Ball
1-0: Foul Ball, location: 2F
1-1: Ball
2-1: Ball
3-1: Foul Ball, location: 2F
3-2: Base on Balls
Batting: LHB Gus Price 0-0: Ball
1-0: Foul Ball, location: 2F
1-1: Swinging Strike
1-2: Ball
2-2: Ball
3-2: Strikes out swinging
Top of the 5th over - 0 run(s), 2 hit(s), 0 error(s), 2 left on base; Rocky Point HS 0 - Mountain Pointe HS 3
BOTTOM OF THE 5TH
Mountain Pointe HS batting - Pitching for Rocky Point HS Eagles : RHP José Aguilar
Batting: LHB Rob Johnson 0-0: Ball
1-0: Ground out 6-3 (Groundball, 6)
Batting: RHB Ben Wilson 0-0: Foul Ball, location: 2F
0-1: Fly out, F7 (Line Drive, 7M)
Batting: RHB Marshall Gross 0-0: Called Strike
0-1: Called Strike
0-2: Ball
1-2: Ball
2-2: Strikes out looking
Bottom of the 5th over - 0 run(s), 0 hit(s), 0 error(s), 0 left on base; Rocky Point HS 0 - Mountain Pointe HS 3
TOP OF THE 6TH
Rocky Point HS Eagles batting - Pitching for Mountain Pointe HS : RHP Martin Couturier
Batting: RHB John Lindsey 0-0: Ball
1-0: Called Strike
1-1: Fly out, F9 (Flyball, 89M)
Batting: RHB Dave Burkholder 0-0: Ball
1-0: Ball
2-0: Fly out, F8 (Flyball, 8LM)
Batting: LHB Rob Peterson 0-0: Called Strike
0-1: Ground out 4-3 (Groundball, 4)
Top of the 6th over - 0 run(s), 0 hit(s), 0 error(s), 0 left on base; Rocky Point HS 0 - Mountain Pointe HS 3
BOTTOM OF THE 6TH
Mountain Pointe HS batting - Pitching for Rocky Point HS Eagles : RHP José Aguilar
Batting: RHB Harry Edwards 0-0: Ball
1-0: Foul Ball, location: 2F
1-1: Reached on error, E5 (Groundball, 56)
Batting: RHB Ashton Murray 0-0: Called Strike
0-1: Foul Ball, location: 2F
0-2: Hit by Pitch
Harry Edwards to second
Pitching: RHP Gary Thompson
Batting: RHB Troy Legge 0-0: Ball
1-0: Fly out, F6 (Popup, 5D)
Batting: SHB Erwin Dwyer 0-0: Called Strike
0-1: Called Strike
0-2: Ball
1-2: Foul Ball, location: 2F
1-2: Foul Ball, location: 2F
1-2: Ball
2-2: Ball
3-2: SINGLE (Groundball, 25) (infield hit)
Harry Edwards to third
Ashton Murray to second
Batting: RHB Richard Bass 0-0: SINGLE (Groundball, 56D)
Harry Edwards scores
Ashton Murray to third
Erwin Dwyer to second
Runner from 3rd tries for Home, throw and OUT!
Erwin Dwyer to third
Richard Bass to second
Batting: RHB Charlie Pérez 0-0: Called Strike
0-1: Ground out 2-3 (Groundball, 2R)
Bottom of the 6th over - 1 run(s), 2 hit(s), 1 error(s), 2 left on base; Rocky Point HS 0 - Mountain Pointe HS 4
TOP OF THE 7TH
Rocky Point HS Eagles batting - Pitching for Mountain Pointe HS : RHP Martin Couturier
Batting: RHB Ramón Garza 0-0: Called Strike
0-1: Ball
1-1: Foul Ball, location: 2F
1-2: Fly out, F7 (Flyball, 7M)
Batting: RHB Fernando Pagán 0-0: Ground out 1-3 (Groundball, 15)
Batting: RHB Jim Sharry 0-0: Called Strike
0-1: Called Strike
0-2: Ball
1-2: Strikes out swinging
Top of the 7th over - 0 run(s), 0 hit(s), 0 error(s), 0 left on base; Rocky Point HS 0 - Mountain Pointe HS 4
BOTTOM OF THE 7TH
Mountain Pointe HS batting - Pitching for Rocky Point HS Eagles : RHP Gary Thompson
Batting: LHB Rob Johnson 0-0: Ball
1-0: Called Strike
1-1: Foul Ball, location: 2F
1-2: Strikes out swinging
Batting: RHB Ben Wilson 0-0: Ball
1-0: Fly out, F9 (Flyball, 8RM)
Batting: RHB Marshall Gross 0-0: Ball
1-0: Called Strike
1-1: Ground out 4-3 (Groundball, 4)
Bottom of the 7th over - 0 run(s), 0 hit(s), 0 error(s), 0 left on base; Rocky Point HS 0 - Mountain Pointe HS 4
TOP OF THE 8TH
Rocky Point HS Eagles batting - Pitching for Mountain Pointe HS : RHP Martin Couturier
Pitching: RHP Carl Brady
Batting: RHB Joe Lewis 0-0: Fly out, F8 (Flyball, 8RM)
Batting: RHB Pedro Cháves 0-0: Ball
1-0: Ball
2-0: Ball
3-0: Base on Balls
Batting: LHB Gus Price 0-0: Called Strike
0-1: Fly out, F8 (Line Drive, 8RM)
Batting: RHB John Lindsey 0-0: Called Strike
0-1: Ball
1-1: Called Strike
1-2: Strikes out swinging
Top of the 8th over - 0 run(s), 0 hit(s), 0 error(s), 1 left on base; Rocky Point HS 0 - Mountain Pointe HS 4
BOTTOM OF THE 8TH
Mountain Pointe HS batting - Pitching for Rocky Point HS Eagles : RHP Gary Thompson
Pitching: RHP Nick Cox
Batting: RHB Harry Edwards 0-0: Ball
1-0: Fly out, F8 (Flyball, 8RM)
Batting: RHB Ashton Murray 0-0: Fly out, F8 (Flyball, 8RM)
Batting: RHB Troy Legge 0-0: Fly out, F8 (Flyball, 8LS)
Bottom of the 8th over - 0 run(s), 0 hit(s), 0 error(s), 0 left on base; Rocky Point HS 0 - Mountain Pointe HS 4
TOP OF THE 9TH
Rocky Point HS Eagles batting - Pitching for Mountain Pointe HS : RHP Carl Brady
Batting: RHB Dave Burkholder 0-0: Ball
1-0: SOLO HOME RUN (Flyball, 78XD), Distance : 438 ft
Pitching: RHP Carlos Zamora
Batting: LHB Rob Peterson 0-0: Reached on error, E4 (Groundball, 4)
Batting: RHB Ramón Garza 0-0: 2-RUN HOME RUN (Flyball, 78XD), Distance : 423 ft
Pinch Hitting: SHB Andrés Coronado 0-0: Called Strike
0-1: SINGLE (Flyball, 8RS)
Batting: RHB Jim Sharry 0-0: Sac Bunt - play at first, batter OUT! 1-4
Andrés Coronado to second
Batting: RHB Joe Lewis 0-0: Ball
1-0: Ball
2-0: Ball
3-0: Foul Ball, location: 2F
3-1: Base on Balls
Batting: RHB Pedro Cháves 0-0: Foul Ball, location: 2F
0-1: Ball
1-1: Foul Ball, location: 2F
1-2: Strikes out swinging
Batting: LHB Gus Price 0-0: Called Strike
0-1: Ball
Wild Pitch!
Andrés Coronado to third
Joe Lewis to second
1-1: Foul Ball, location: 2F
1-2: Ball
2-2: Foul Ball, location: 2F
2-2: Foul Ball, location: 2F
2-2: Ball
3-2: Base on Balls
Batting: RHB John Lindsey 0-0: Called Strike
0-1: Called Strike
0-2: Ball
1-2: Strikes out swinging
Top of the 9th over - 3 run(s), 3 hit(s), 1 error(s), 3 left on base; Rocky Point HS 3 - Mountain Pointe HS 4
Monday, December 5th, 2016 - OOTP Baseball 17.12 Build 75